 Dungeon Crawl Stone Soup version 0.31.0-32-g396128a36d (webtiles) character file.

Game seed: 7009882754309283209

5 ChadusMaximus the Caller (level 1, -5/13 HPs)
             Began as a Barachi Summoner on Apr 15, 2024.
             Slain by a kobold
             ... wielding a +2 whip of electrocution
              (18 damage)
             ... on level 1 of the Dungeon.
             The game lasted 00:00:20 (238 turns).

ChadusMaximus the Caller (Barachi Summoner)          Turns: 238, Time: 00:00:20

Health: -5/13      AC:  2    Str:  9    XL:     1   Next: 80%
Magic:  1/3        EV: 12    Int: 15    God:
Gold:   0          SH:  0    Dex: 12    Spells: 3/4 levels left

rFire   . . .        d - +0 dagger
rCold   . . .        (no shield)
rNeg    . . .        a - +0 robe
rPois   .            (no helmet)
rElec   .            (no cloak)
rCorr   .            (no gloves)
SInv    .            (no boots)
Will    .....        (no amulet)
Stlth   ++           (no ring)
HPRegen 0.22/turn    (no ring)
MPRegen 0.08/turn

%: no passive effects
@: slow
A: amphibious, slowness 1, strong legs 1, +LOS
a: Hop


You were on level 1 of the Dungeon.
You visited 1 branch of the dungeon, and saw 1 of its levels.

Inventory:

Hand Weapons
 d - a +0 dagger (weapon)
Armour
 a - a +0 robe (worn)
Scrolls
 e - a scroll of identify {unknown}
Potions
 b - a potion of magic
 c - 3 potions of berserk rage {unknown}


   Skills:
 - Level 2.2 Dodging
 - Level 1.8 Stealth
 + Level 2.3 Spellcasting
 * Level 5.0 Summonings


You had 3 spell levels left.
You knew the following spells:

 Your Spells              Type           Power      Damage    Failure   Level
a - Summon Small Mammal   Summ           64%        N/A       2%          1

Your spell library contained the following spells:

 Spells                   Type           Power      Damage    Failure   Level
 Call Imp                 Summ           32%        N/A       4%          2
 Call Canine Familiar     Summ           16%        N/A       9%          3
 Summon Blazeheart Golem  Fire/Summ      9%         N/A       58%         4
 Summon Lightning Spire   Summ/Air       9%         N/A       58%         4
 Brom's Barrelling Bould  Conj/Erth      1%         2d3       91%         4
 Fireball                 Conj/Fire      0%         3d3       99%         5
 Iskenderun's Battlesphe  Conj           1%         2d6       99%         5
 Conjure Ball Lightning   Conj/Air       0%         3x3d6     100%        6
 Orb of Destruction       Conj           0%         9d5       100%        7


Dungeon Overview and Level Annotations

Branches:
Dungeon (1/15)

Altars:


Innate Abilities, Weirdness & Mutations

You are amphibious.
You cover ground slowly.
You can hop short distances.
You have an extended range of vision and can be seen from far away.


Message History

The endoplasm attacks as it pursues you!
The endoplasm hits you but does no damage.
Your quokka bites the endoplasm.
The endoplasm dies!
Your Summonings skill increases to level 5!
Casting: Summon Small Mammal (safe; 2% risk of failure)
Confirm with . or Enter, or press ? or * to list all spells.
The bat barely misses you.
Your quokka barely misses the bat.
The bat closely misses your quokka.
Unknown command.
The bat closely misses you.
Your quokka misses the bat.
You swap places.
The bat hits your quokka but does no damage.
Your quokka barely misses the bat.
The bat barely misses your quokka.
Your quokka bites the bat.
The bat dies!
You start resting.
Your quokka disappears in a puff of smoke! x2
Magic restored.
You start resting.
HP restored.
Found a chain mail.
You pick up a book of the Spheres and begin reading...
You add the spells Brom's Barrelling Boulder, Iskenderun's Battlesphere, Fireball, Conjure Ball Lightning and Orb of Destruction to your library.
Found 11 stones.
No target in view! 2 kobolds come into view.
A kobold is wielding a +2 whip of electrocution.
The kobold shouts!
Found a sling.
A kobold is nearby!
A frilled lizard comes into view.
There are monsters nearby!
You barely miss the kobold. The kobold barely misses you.
The frilled lizard hisses angrily.
The kobold misses you.
Your bat barely misses the kobold.
The kobold hits you but does no damage.
You are electrocuted!!
Ouch! That really hurt!
You die...

#... #######... #.....(..
#........ #+#
##.......##### #.#######
..(........†.#####.#......
........................[.
##....$..###.########.####
..###+#.b@##...# #.#
#.#K####.######.# ....b.
#.#...##.# #....l..
#.....##.#
#........##....##.#
.........##....##.#
##........##....##.#
#....)...+........#
#........###...##.####


You could see a kobold (ally target), a frilled lizard and 2 friendly bats.

Vanquished Creatures
  An endoplasm (D:1)
1 creature vanquished.

Vanquished Creatures (collateral kills)
  A bat (D:1)
  An endoplasm (D:1)
  A ball python (D:1)
  A rat (D:1)
4 creatures vanquished.

Grand Total: 5 creatures vanquished

Notes
Turn   | Place    | Note
-------+----------+-------------------------------------------
     0 | D:1      | ChadusMaximus the Barachi Summoner began the quest for the
                  | Orb.
     0 | D:1      | Reached XP level 1. HP: 13/13 MP: 3/3
   166 | D:1      | Reached skill level 5 in Summonings
   238 | D:1      | Slain by a kobold

Illustrated notes

Levels and vault maps discovered:
D:1:      wheals_arrival_shading, layout_basic

Skill      XL: |  1 |
---------------+----+-----
Summonings     | 5 |  5.0
Dodging        | |  2.2
Stealth        | |  1.8
Spellcasting   | |  2.3

Action                     || total
---------------------------++-------
  Melee: Dagger            ||     6
         Unarmed           ||     3
   Cast: Summon Small Mamm ||    10
   Stab: Distracted        ||     1
 Armour: Robe              ||     7
  Dodge: Dodged            ||    11
